 Dungeon Crawl Stone Soup version 0.25.1-2-g60ff931df9 (webtiles) character file.

Game seed: 4601773074762424348

333 DerDa the Skirmisher (level 6, -2/67 HPs)
             Began as an Ogre Berserker on Sept 9, 2020.
             Was a Priest of Trog.
             Slain by a gnoll (9 damage)
             ... on level 3 of the Dungeon.
             The game lasted 00:06:02 (3899 turns).

DerDa the Skirmisher (Ogre Berserker)               Turns: 3899, Time: 00:06:03

Health: -2/67      AC:  3    Str: 24    XL:     6   Next: 53%
Magic:  6/6        EV: 11    Int:  8    God:    Trog [***...]
Gold:   99         SH:  0    Dex:  8    Spells: 5/5 levels left

rFire    . . .     SeeInvis .   a - +0 hand axe
rCold    . . .     Gourm    .   (no shield)
rNeg     . . .     Faith    .   b - +0 animal skin
rPois    .         Spirit   .   (helmet restricted)
rElec    .         Reflect  .   (no cloak)
rCorr    .         Harm     .   (gloves unavailable)
MR       .....                  (boots unavailable)
Stlth    +.........             (no amulet)
HPRegen  0.21/turn              i - ring of flight
MPRegen  0.10/turn              (no ring)

@: berserk cooldown, slowed, very slow
A: large, unfitting armour, tough skin 1
a: Berserk, Trog's Hand, Renounce Religion, Evoke Flight


You were on level 3 of the Dungeon.
You worshipped Trog.
Trog was most pleased with you.
You were hungry.

You visited 1 branch of the dungeon, and saw 3 of its levels.

You collected 99 gold pieces.

Inventory:

Hand Weapons
 a - a +0 hand axe (weapon)
 n - a +0 hunting sling
Missiles
 d - 38 sling bullets
 e - 91 stones (quivered)
 k - 9 boomerangs
 l - 26 arrows
 p - 18 bolts
 s - 5 javelins
Armour
 b - a +0 animal skin (worn)
Jewellery
 i - a ring of flight (left hand)
 u - an uncursed amulet of faith
Scrolls
 f - a scroll of remove curse {unknown}
 h - a scroll of fog {unknown}
 j - 4 scrolls of identify {unknown}
 m - 2 scrolls of enchant weapon {unknown}
 q - a scroll of magic mapping {unknown}
 r - 2 scrolls of amnesia {unknown}
 v - a scroll of teleportation {unknown}
Potions
 g - 2 potions of curing {unknown}
 o - a potion of heal wounds {unknown}
 t - a potion of brilliance {unknown}
 w - a potion of mutation {unknown}
 x - a potion of berserk rage {unknown}
 z - a potion of flight {unknown}
Comestibles
 c - 5 rations


   Skills:
 + Level 6.3 Fighting
 + Level 4.7 Axes
 + Level 4.3 Dodging


You had 5 spell levels left.
You didn't know any spells.
Your spell library was empty.

Dungeon Overview and Level Annotations

Branches:
Dungeon (3/15)

Altars:
Fedhas
Gozag
Hepliaklqana


Innate Abilities, Weirdness & Mutations

You are too large for most types of armour.
You have tough skin. (AC +1)


Message History

Your skin stops crawling.
You feel less resistant to hostile enchantments.
The gnoll hits you.
* * * LOW HITPOINT WARNING * * *
You hit the gnoll.
The gnoll is moderately wounded.
The gnoll barely misses you. The gnoll hits you.
* * * LOW HITPOINT WARNING * * *
You hit the gnoll.
The gnoll is heavily wounded.
The gnoll barely misses you.
You barely miss the gnoll.
The gnoll is heavily wounded.
The gnoll hits you!
* * * LOW HITPOINT WARNING * * *
The gnoll barely misses you.
You closely miss the gnoll.
The gnoll is heavily wounded.
The gnoll barely misses you. The gnoll hits you!
You die...

.........### ..P≈≈≈≈≈..
..........#
.≈≈≈≈≈≈....#.#####..####
..P≈≈≈...# .....(##.....
.≈≈≈≈≈≈..####..#.######.
≈≈≈≈≈≈...........# #.
.≈≈≈≈≈...........#### ##
..≈≈≈.o.......).....# #
..≈≈≈.g@..?.).))....####
.%≈≈P≈.>......)..#....##
.≈≈≈≈............###....
.≈P≈P≈....<......#......
≈≈≈≈≈............#......
.≈≈≈P..##..#.###.#..)...
≈≈≈≈≈..#..##.# #.#......
≈≈≈≈≈..#....># #.#......
#.#......


You could see a gnoll (strong) and an orc.

Vanquished Creatures
  2 orc priests (D:3)
  3 orc wizards
  Ijyb (D:3)
  3 gnolls (D:3)
  3 adders
  A worm (D:3)
  2 dart slugs (D:2)
  2 leopard geckos
  16 orcs
  2 ball pythons (D:1)
  11 bats
  4 giant cockroaches
  6 goblins
  5 hobgoblins
  4 jackals (D:3)
  2 quokkas
  4 frilled lizards
  8 kobolds
  6 rats
85 creatures vanquished.

Notes
Turn   | Place    | Note
-------+----------+-------------------------------------------
     0 | D:1      | DerDa the Ogre Berserker began the quest for the Orb.
     0 | D:1      | Reached XP level 1. HP: 24/24 MP: 1/1
   146 | D:1      | Reached XP level 2. HP: 29/32 MP: 2/2
   590 | D:1      | Reached XP level 3. HP: 32/40 MP: 3/3
   714 | D:1      | Reached ** piety under Trog
  1132 | D:2      | Found a blossoming altar of Fedhas.
  1820 | D:2      | Found a faded altar of an unknown god.
  1881 | D:2      | Reached XP level 4. HP: 49/49 MP: 4/4
  2201 | D:2      | Reached skill level 5 in Fighting
  2486 | D:3      | Reached XP level 5. HP: 52/57 MP: 5/5
  2533 | D:3      | Found an opulent altar of Gozag.
  3202 | D:3      | Reached *** piety under Trog
  3202 | D:3      | Reached XP level 6. HP: 28/67 MP: 6/6
  3219 | D:3      | Reached skill level 6 in Fighting
  3572 | D:3      | Found a hazy altar of Hepliaklqana.
  3845 | D:3      | Noticed Ijyb
  3878 | D:3      | Killed Ijyb
  3899 | D:3      | Slain by a gnoll

Illustrated notes

Levels and vault maps discovered:
D:1:      scummos_arrival_simple_fountains, layout_loops_ring
D:2:      layout_loops_ring, fedhas_ov_isle_minmay, first_ration,
          chequers_ecumenical_altar_simple_redux
D:3:      layout_rooms, lemuel_doored_altar, nicolae_overflow_hidden_temple,
          hex_medium, chequers_big_river, lemuel_altar_in_water, uniq_ijyb

Skill      XL: |  1  2  3  4  5  6 |
---------------+-------------------+-----
Dodging        | 3 4 |  4.3
Fighting       | 5 6 |  6.3
Axes           | 4 |  4.7

Action                   |  1- 3 |  4- 6 || total
-------------------------+-------+-------++-------
Melee: Hand axe          |   132 |   169 ||   301
Invok: Berserk           |       |     1 ||     1
       Trog's Hand       |       |     1 ||     1
  Eat: Chunk             |     3 |     7 ||    10
Armor: Animal skin       |    51 |    43 ||    94
Dodge: Dodged            |    65 |   109 ||   174
